 Dungeon Crawl Stone Soup version 0.28-a0-1555-g9ae15a6949 (webtiles) character file.

Game seed: 6467897253192630561

31 knot the Chopper (level 3, 18/29 HPs)
             Began as a Demonspawn Berserker on Jan 18, 2022.
             Was a Follower of Trog.
             Quit the game on level 2 of the Dungeon.
             The game lasted 00:00:57 (1275 turns).

knot the Chopper (Demonspawn Berserker)             Turns: 1275, Time: 00:00:57

Health: 18/29      AC:  5    Str: 17    XL:     3   Next: 7%
Magic:  3/3        EV: 11    Int: 13    God:    Trog [*.....]
Gold:   63         SH:  0    Dex: 12    Spells: 2/2 levels left

rFire   . . .      SeeInvis .   a - +0 hand axe
rCold   . . .      Faith    .   (no shield)
rNeg    . . .      Spirit   .   j - +2 leather armour of Oqiocri {Int+3}
rPois   .          Reflect  .   (no helmet)
rElec   .          Harm     .   (no cloak)
rCorr   .          Rampage  .   (no gloves)
Will    .....                   (no boots)
Stlth   +.........              f - amulet of the acrobat
HPRegen 0.09/turn               (no ring)
MPRegen 0.08/turn               (no ring)

@: mildly poisoned (18 -> 14)
A: claws 1, foul stench 1
a: Renounce Religion, Berserk


You were on level 2 of the Dungeon.
You worshipped Trog.
Trog was aware of your devotion.
You visited 1 branch of the dungeon, and saw 2 of its levels.

You collected 63 gold pieces.

Inventory:

Hand Weapons
 a - a +0 hand axe (weapon)
Missiles
 g - 3 stones (quivered)
Armour
 j - the +2 leather armour of Oqiocri (worn) {Int+3}
   (You found it on level 2 of the Dungeon)

   Int:       It affects your intelligence (+3).
Jewellery
 f - an amulet of the acrobat (around neck)
Scrolls
 c - a scroll of enchant armour {unknown}
 d - a scroll of enchant weapon {unknown}
 e - 2 scrolls of fear {unknown}
 i - a scroll of teleportation {unknown}
Potions
 b - a potion of degeneration {unknown}
 h - a potion of haste {unknown}


   Skills:
 - Level 3.0 Fighting
 + Level 3.9 Axes
 - Level 1.7 Armour
 - Level 1.7 Dodging


You had 2 spell levels left.
You didn't know any spells.
Your spell library was empty.

Dungeon Overview and Level Annotations

Branches:
Dungeon (2/15)

Altars:


Innate Abilities, Weirdness & Mutations

You have sharp fingernails.
You may rarely emit foul miasma when damaged in melee.


Message History

You kill the giant cockroach!
Trog accepts your kill.
You closely miss the adder. The adder bites you but does no damage.
You hit the adder.
The adder is heavily wounded.
The adder bites you.
You barely miss the adder.
The adder is heavily wounded.
The adder bites you but does no damage. The adder misses you.
You barely miss the adder.
The adder is heavily wounded.
The adder closely misses you.
You hit the adder but do no damage.
The adder is heavily wounded.
The adder closely misses you. x2
You miss the adder.
The adder is heavily wounded.
The adder bites you.
You hit the adder.
The adder is almost dead.
The adder bites you but does no damage. The adder closely misses you.
You miss the adder.
The adder is almost dead.
The adder barely misses you.
You barely miss the adder.
The adder is almost dead.
The adder closely misses you. The adder bites you.
You are poisoned.
The adder poisons you!
You hit the adder.
You kill the adder!
Trog accepts your kill.
You feel sick.
You have reached level 3!
Your experience leads to an increase in your attributes!
Your base attributes are Str 17, Int 8, Dex 12.
Increase (S)trength, (I)ntelligence, or (D)exterity?
You feel clever. x2; Your demonic ancestry asserts itself...
You begin to emit a foul stench of rot and decay.
Are you sure you want to abandon this character and quit the game? (Confirm with "yes".)

.$...............#
.##.............##.
..#.##.............
................#
............##..####
.........##<##....!.
#.>.............#
...............#####
..........PP.)$.@..#
.....[.......#.###......
###.......♣P.P.# #....
#....P.P♣P..P# ...
#..P..♣P♣..♣PJ .
#...PP♣♣♣♣♣.P. #.....P
.. ....... .. ##<....P.


There were no monsters in sight!

Vanquished Creatures
  An adder (D:2)
  A dart slug (D:1)
  2 endoplasms (D:1)
  2 giant cockroaches
  3 goblins (D:1)
  A hobgoblin (D:2)
  3 ball pythons (D:1)
  A frilled lizard (D:1)
  3 kobolds (D:1)
  4 rats (D:1)
21 creatures vanquished.

Notes
Turn   | Place    | Note
-------+----------+-------------------------------------------
     0 | D:1      | knot the Demonspawn Berserker began the quest for the Orb.
     0 | D:1      | Reached XP level 1. HP: 18/18 MP: 1/1
   496 | D:1      | Gained mutation: You have sharp fingernails. [demonic
                  | ancestry]
   496 | D:1      | Reached XP level 2. HP: 22/24 MP: 2/2
   993 | D:1      | Found a faded altar of an unknown god.
  1216 | D:2      | Identified the +2 leather armour of Oqiocri {Int+3}
  1275 | D:2      | Gained mutation: You may rarely emit foul miasma when
                  | damaged in melee. [demonic ancestry]
  1275 | D:2      | Reached XP level 3. HP: 18/29 MP: 3/3
  1275 | D:2      | Quit the game

Illustrated notes

Levels and vault maps discovered:
D:1:      tarquinn_simple_flora_water_d, layout_rooms,
          shapermc_ecumenical_altar_totnotflames, minmay_misc_feat_plants
D:2:      layout_rooms, serial_shops, nicolae_shop_behind_doors, serial_forest,
          infiniplex_forest_fountain, infiniplex_forest_straight_2,
          infiniplex_forest_end_1, infiniplex_forest_lined_room_3,
          infiniplex_forest_clump_cross, infiniplex_forest_straight_3,
          infiniplex_forest_lined_3, basic_altar

Skill      XL: |  1 |
---------------+----+-----
Axes           | 3 |  3.9
Fighting       | |  3.0
Armour         | |  1.7
Dodging        | |  1.7

Action                   || total
-------------------------++-------
Melee: Hand axe          ||    85
Armor: Animal skin       ||     8
       Leather armour    ||     3
Dodge: Dodged            ||    54

Table legend: (Time is in decaauts)
 A = Elapsed time spent in this place.
 B = Non-inter-level travel time spent in this place.
 C = Inter-level travel time spent in this place.
 D = Time resting spent in this place.
 E = Time spent auto-exploring this place.
 F = Levels seen in this place.
 G = Mean time per level.
                   A        B        C        D        E       F      G
               +--------+--------+--------+--------+--------+-----+--------+
         Total |   1286 |   1259 |     27 |    216 |    841 |   2 |  643.0 |
       Dungeon |   1286 |   1259 |     27 |    216 |    841 |   2 |  643.0 |
               +--------+--------+--------+--------+--------+-----+--------+

Top non-repeatable levels by time:
     D:1: 1204 daAuts
     D:2: 81 daAuts
